 Dungeon Crawl Stone Soup version 0.27-a0-492-ga4bb394fd4 (webtiles) character file.

Game seed: 2684392539846596181

507 Nattfarinn the Changer (level 7, 0/47 HPs)
             Began as an Octopode Transmuter on Mar 2, 2021.
             Was an Initiate of Cheibriados.
             Shot with an arrow by a centaur (6 damage)
             ... on level 5 of the Dungeon.
             The game lasted 00:08:05 (5674 turns).

Nattfarinn the Changer (Octopode Transmuter)        Turns: 5674, Time: 00:08:06

Health: 0/47       AC:  1    Str: 11    XL:     7   Next: 18%
Magic:  10/10      EV: 13    Int: 18    God:    Cheibriados [......]
Gold:   261        SH:  0    Dex: 13    Spells: 1/10 levels left

rFire    . . .     SeeInvis .     - Unarmed
rCold    . . .     Faith    .   (no shield)
rNeg     . . .     Spirit   .   (helmet restricted)
rPois    .         Reflect  .   j - amulet of magic regeneration
rElec    .         Harm     .   (no ring)
rCorr    .         Rampage  .   (no ring)
Will     .....     Rnd*Rage +   (no ring)
Stlth    ++........             (no ring)
HPRegen  0.15/turn              (no ring)
MPRegen  0.37/turn              (no ring)
                                (no ring)
                                (no ring)

@: lethally poisoned (0 -> -6), very slow
A: almost no armour, stealthy swim, amphibious, 8 rings, constrict 8, camouflage
1, berserk 1, robust 1, gelatinous body 1, MP-powered wands
a: Renounce Religion, Bend Time


You were on level 5 of the Dungeon.
You worshipped Cheibriados.
Cheibriados was noncommittal.
You visited 2 branches of the dungeon, and saw 6 of its levels.

You collected 261 gold pieces.

Inventory:

Jewellery
 j - an amulet of magic regeneration (around mantle)
Wands
 c - a wand of mindburst (15)
 f - a wand of polymorph (6)
 m - a wand of paralysis (6)
Scrolls
 a - a scroll of blinking {unknown}
 d - a scroll of teleportation
 e - 2 scrolls of amnesia
 h - 2 scrolls of fear {unknown}
Potions
 b - 3 potions of haste
 g - 2 potions of cancellation
 i - a potion of heal wounds {unknown}
 k - a potion of resistance


   Skills:
 - Level 1.0 Fighting
 - Level 2.0 Dodging
 - Level 3.0 Unarmed Combat
 - Level 2.0 Spellcasting
 * Level 7.6 Transmutations


You had one spell level left.
You knew the following spells:

 Your Spells              Type           Power        Failure   Level
a - Beastly Appendage     Tmut           58%          1%          1
b - Spider Form           Tmut/Pois      7%           12%         3
c - Blade Hands           Tmut           14%          22%         5

Your spell library contained the following spells:

 Spells                   Type           Power        Failure   Level
 Animate Skeleton         Necr           2%           19%         1
 Apportation              Tloc           2%           19%         1
 Corona                   Hex            1%           19%         1
 Summon Small Mammal      Summ           4%           19%         1
 Wereblood                Tmut           29%          1%          2
 Ice Form                 Ice/Tmut       15%          36%         4


Dungeon Overview and Level Annotations

Branches:
Dungeon (5/15)             Temple (1/1) D:4

Altars:
Ashenzari
Cheibriados
Dithmenos
Gozag
Hepliaklqana
Kikubaaqudgha
Makhleb
Nemelex Xobeh
Okawaru
Qazlal
Ru
Sif Muna
Trog
Uskayaw
Vehumet
Yredelemnul
Zin
The Shining One


Innate Abilities, Weirdness & Mutations

You cannot wear most types of armour.
You are very stealthy in the water. (Stealth+)
You are amphibious.
You can wear up to eight rings at the same time.
You can use your tentacles to constrict eight enemies at once.
Your skin changes colour to match your surroundings (Stealth+).
Your rubbery body absorbs attacks. (AC +1, EV +1)
You tend to lose your temper in combat.
You are robust. (+10% HP)
You expend magic power (3 MP) to strengthen your wands.


Message History

The worker ant barely misses you.
You tentacle-slap the worker ant. Your grab misses the worker ant.
The worker ant is lightly wounded.
The worker ant barely misses you.
A ball python skeleton comes into view.
You tentacle-slap the worker ant but do no damage.
You grab the worker ant. You squeeze the worker ant.
The worker ant is moderately wounded.
You constrict the worker ant, but do no damage.
An orc comes into view.
The worker ant bites you.
The orc shouts!
You tentacle-slap the worker ant.
The worker ant is moderately wounded.
You constrict the worker ant, but do no damage.
The centaur shouts!
The worker ant closely misses you.
You tentacle-slap the worker ant.
You tentacle-slap the worker ant, but do no damage.
The worker ant is heavily wounded.
You constrict the worker ant.
The worker ant bites you but does no damage.
The centaur wields a +0 shortbow.
The centaur shoots an arrow.
The arrow hits you! The worker ant misses you.
You tentacle-slap the worker ant.
The worker ant is severely wounded.
You constrict the worker ant, but do no damage.
The centaur shoots an arrow.
The arrow barely misses you. The worker ant bites you!
You are poisoned.
The worker ant poisons you!
You hear an angry hiss.
You are too injured to fight recklessly!
Unknown command.
You constrict the worker ant.
You feel sick.
The centaur shoots an arrow.
The arrow hits you!
* * * LOW HITPOINT WARNING * * *
The worker ant barely misses you.
The centaur shoots an arrow.
The arrow hits you.
You die...

.... .## ..
#... ..
..##c#Z ##.# #
...... ... .#
####### .
#...o#.. ..
......#
..#......#.#.#
#
.......B....<#
#### .......@#
# ...#
#.##..#.##.#
##.##.###
#.........# ..
.....#
######.####
##......#
##.## ##...
#...# # ##.##
#...# # #...#
#...# # #...#
#####...####.


You could see a centaur, a worker ant, an orc and a ball python skeleton.

Vanquished Creatures
  2 ogres
  A scorpion (D:4)
  Terence (D:3)
  Ijyb (D:3)
  2 orc wizards (D:4)
  2 worker ants
  7 adders
  An ufetubus (D:5)
  An adder skeleton (D:4)
  A worm (D:4)
  A dart slug (D:4)
  2 leopard geckos
  2 orcs (D:4)
  3 giant cockroaches
  7 goblins
  4 hobgoblins
  A quokka (D:3)
  2 ball pythons
  6 bats
  6 frilled lizards
  5 kobolds
  A leopard gecko skeleton (D:4)
  10 rats
69 creatures vanquished.

Notes
Turn   | Place    | Note
-------+----------+-------------------------------------------
     0 | D:1      | Nattfarinn the Octopode Transmuter began the quest for the
                  | Orb.
     0 | D:1      | Reached XP level 1. HP: 13/13 MP: 3/3
   252 | D:1      | Reached XP level 2. HP: 13/18 MP: 5/5
   536 | D:1      | Reached skill level 3 in Transmutations
   968 | D:2      | Found a glowing silver altar of Zin.
   983 | D:2      | Reached XP level 3. HP: 8/23 MP: 6/6
  1687 | D:2      | Gained mutation: You are weak. (Str -2) [potion of
                  | mutation]
  1687 | D:2      | Gained mutation: You tend to lose your temper in combat.
                  | [potion of mutation]
  1687 | D:2      | Gained mutation: Your flesh is heat resistant. (rF+)
                  | [potion of mutation]
  1687 | D:2      | Gained mutation: You passively map a small area around you.
                  | [potion of mutation]
  1690 | D:2      | Reached skill level 4 in Transmutations
  1690 | D:2      | HP: 1/23 [adder (4)]
  2720 | D:3      | Reached XP level 4. HP: 23/28 MP: 7/7
  2989 | D:3      | Noticed Terence
  2994 | D:3      | Learned a level 3 spell: Spider Form
  3001 | D:3      | Killed Terence
  3489 | D:3      | Found a faded altar of an unknown god.
  3496 | D:3      | Noticed Ijyb
  3509 | D:3      | Killed Ijyb
  3510 | D:3      | Reached skill level 5 in Transmutations
  3510 | D:3      | Reached XP level 5. HP: 33/33 MP: 5/8
  3770 | D:3      | Lost mutation: You passively map a small area around you.
                  | [potion of mutation]
  3770 | D:3      | Lost mutation: Your flesh is heat resistant. (rF+) [potion
                  | of mutation]
  3770 | D:3      | Lost mutation: You are weak. (Str -2) [potion of mutation]
  3770 | D:3      | Gained mutation: You expend magic power (3 MP) to
                  | strengthen your wands. [potion of mutation]
  3770 | D:3      | Gained mutation: You are robust. (+10% HP) [potion of
                  | mutation]
  4288 | D:4      | Found a staircase to the Ecumenical Temple.
  4299 | D:4      | Reached skill level 6 in Transmutations
  4299 | D:4      | Reached XP level 6. HP: 39/41 MP: 9/9
  4307 | Temple   | Entered the Ecumenical Temple
  4379 | Temple   | Became a worshipper of Cheibriados the Contemplative
  4659 | D:4      | Reached skill level 7 in Transmutations
  4676 | D:4      | Learned a level 5 spell: Blade Hands
  4791 | D:4      | Found an ancient bone altar of Kikubaaqudgha.
  5004 | D:5      | Entered Level 5 of the Dungeon
  5162 | D:5      | Reached XP level 7. HP: 30/47 MP: 5/10
  5674 | D:5      | Shot with an arrow by a centaur

Illustrated notes

Levels and vault maps discovered:
D:1:      giann_wishing_wells, layout_basic, grunt_decor_mini_mirrors,
          chequers_garden, minmay_misc_feat_plants,
          kennysheep_decorative_pillar, serial_park_tiny_1
D:2:      layout_basic, nicolae_overflow_crystal_walls
D:3:      layout_basic, chequers_ecumenical_altar_twisty, uniq_ijyb,
          uniq_terence
D:4:      layout_cave_pools, kennysheep_little_box, minmay_temple_entry_tees,
          minmay_between
D:5:      layout_loops_cross, lemuel_round_altar,
          nicolae_gozag_cash_rules_everything_around_me
Temple:   kb_temple_of_zot

Skill      XL: |  1  2  3  4  5  6 |
---------------+-------------------+-----
Transmutations | 3 4 5 6 7 |  7.6
Fighting       | |  1.0
Dodging        | |  2.0
Unarmed Combat | |  3.0
Spellcasting   | |  2.0

Action                   |  1- 3 |  4- 6 |  7- 9 || total
-------------------------+-------+-------+-------++-------
Melee: Unarmed           |    72 |   112 |    15 ||   199
       Tentacles         |    13 |     9 |     3 ||    25
       Constrict         |    20 |    17 |     2 ||    39
       Punch             |     1 |     2 |     1 ||     4
 Cast: Spider Form       |       |     4 |       ||     4
       Blade Hands       |       |     1 |       ||     1
  Use: Potion            |     3 |     1 |     1 ||     5
       Scroll            |     3 |     3 |       ||     6
 Stab: Sleeping          |     4 |     7 |       ||    11
       Distracted        |       |     1 |       ||     1
Armor: Skin              |    13 |     9 |     1 ||    23
Dodge: Dodged            |    54 |    74 |    11 ||   139

Table legend: (Time is in decaauts)
 A = Elapsed time spent in this place.
 B = Non-inter-level travel time spent in this place.
 C = Inter-level travel time spent in this place.
 D = Time resting spent in this place.
 E = Time spent auto-exploring this place.
 F = Levels seen in this place.
 G = Mean time per level.
                   A        B        C        D        E       F      G
               +--------+--------+--------+--------+--------+-----+--------+
         Total |   5889 |   5795 |     94 |   1629 |   3558 |   6 |  981.5 |
       Dungeon |   5782 |   5699 |     83 |   1629 |   3465 |   5 | 1156.4 |
        Temple |    107 |     96 |     11 |      0 |     93 |   1 |  107.0 |
               +--------+--------+--------+--------+--------+-----+--------+

Top non-repeatable levels by time:
     D:2: 1716 daAuts
     D:3: 1291 daAuts
     D:4: 1077 daAuts
     D:1: 964 daAuts
     D:5: 732 daAuts
  Temple: 107 daAuts
